cohdb
Replays
Latest Replays
All Replays
Popular Replays
Top Player Replays
Match Explorer
How It Works
Community
CoH3 Stats
Reddit
Sign in to upload your games and track your stats! →
Sign in with Steam
Match 43009930
Unlisted
Match 43009930
Overview
Messages
Build Orders
End
Construct Barracks
Selects Advanced Infantry Battlegroup
Riflemen Squad
Riflemen Squad
Riflemen Squad
Riflemen Squad
Mechanized Support Center
Selects Convert to Ranger Squad
Convert to Ranger Squad
Construct Motor Pool
Selects Ammunition Storage
Engineer Squad
Ranger Squad
Construct Tank Depot
Selects Frontline Medical Station
Convert to Ranger Squad
Frontline Medical Station
Selects M2A1 105mm Howitzer Emplacement
M4A1 Sherman Medium Tank
M4A1 Sherman Medium Tank
M4A1 Sherman Medium Tank
Engineer Squad
Selects Free Fire Drills
Selects 155mm Rapid Artillery Barrage
Selects Infantry Assault
155mm Rapid Artillery Barrage
M4A1 76mm Conversion
M4A1(76) Sherman Medium Tank
Drifty349
Tok3n x Operator
ZENECA
Vengeful One
亿坨
[INFRARED] lucifer
Y
巨SSS巨
0
0
Comments
sign in to comment!
No comments posted yet!